 Dungeon Crawl Stone Soup version 0.29-a0-1019-g84f7d21838 (webtiles) character file.

Game seed: 14839888781315305274

399 bladeefan the Cudgeller (level 6, -7/56 HPs)
             Began as a Hill Orc Monk on Aug 10, 2022.
             Mangled by an ogre
             ... wielding a +0 giant spiked club
              (14 damage)
             ... on level 4 of the Dungeon.
             The game lasted 00:06:20 (5113 turns).

bladeefan the Cudgeller (Hill Orc Monk)             Turns: 5113, Time: 00:06:20

Health: -7/56      AC: 13    Str: 16    XL:     6   Next: 84%
Magic:  0/6        EV:  5    Int: 10    God:
Gold:   232        SH:  0    Dex: 13    Spells: 5/5 levels left

rFire   . . .      SeeInvis .   c - +0 flail (protect)
rCold   . . .      Faith    .   (no shield)
rNeg    . . .      Spirit   +   q - +0 plate armour
rPois   .          Reflect  .   l - +2 helmet
rElec   .          Harm     .   (no cloak)
rCorr   .          Rampage  .   (no gloves)
Will    .....                   (no boots)
Stlth   ..........              g - amulet of guardian spirit
HPRegen 0.18/turn               (no ring)
MPRegen 0.10/turn               (no ring)

@: no status effects
A: no striking features
a: no special abilities


You were on level 4 of the Dungeon.
You visited 1 branch of the dungeon, and saw 4 of its levels.

You collected 232 gold pieces.

Inventory:

Hand Weapons
 c - a +0 flail of protection (weapon)
   (You took it off Terence on level 3 of the Dungeon)
Armour
 l - a +2 helmet (worn)
   (You found it on level 3 of the Dungeon)
 q - a +0 plate armour (worn)
   (You found it on level 4 of the Dungeon)
 u - the +0 leather armour of Fusoul {SInv}
   (You found it on level 4 of the Dungeon)

   SInv:      It lets you see invisible.
Jewellery
 g - an amulet of guardian spirit (around neck)
   (You found it on level 1 of the Dungeon)
 z - a ring of see invisible
   (You found it on level 3 of the Dungeon)
Wands
 t - a wand of flame (7)
   (You took it off Terence on level 3 of the Dungeon)
Scrolls
 b - a scroll of enchant weapon {unknown}
 e - a scroll of summoning
 h - a scroll of magic mapping
 i - a scroll of immolation {unknown}
 j - 3 scrolls of identify {unknown}
 n - a scroll of brand weapon {unknown}
 o - a scroll of vulnerability {unknown}
 p - a scroll of fear {unknown}
 r - a scroll of fog {unknown}
Potions
 a - a potion of haste {unknown}
 d - 2 potions of lignification {!q}
 f - 2 potions of curing {@q1}
 k - 2 potions of heal wounds {unknown}
 m - 2 potions of might {unknown}
 s - a potion of attraction {unknown}


   Skills:
 + Level 5.1 Fighting
 * Level 5.7 Maces & Flails
 + Level 0.9 Armour
 + Level 3.4 Dodging
 - Level 3.0 Stealth


You had 5 spell levels left.
You didn't know any spells.
Your spell library was empty.

Dungeon Overview and Level Annotations

Branches:
Dungeon (4/15)
 Temple: D:4-7

Altars:

Annotations:
D:4 1 runed translucent door, Crazy Yiuf


Message History

The goblin hits you but does no damage.
You thump the goblin!
Your weapon exudes an aura of protection.
You kill the goblin!
The dart slug launches a dart at you.
The slug dart hits you but does no damage.
The dart slug launches a dart at you.
The slug dart hits you but does no damage.
Found a sling.
The dart slug launches a dart at you.
The slug dart hits you but does no damage.
The dart slug bites you.
A dart slug is nearby!
A dart slug is nearby!
You hit the dart slug.
Your weapon exudes an aura of protection.
The dart slug launches a dart at you.
The slug dart hits you but does no damage.
You sock the dart slug!
You kill the dart slug!
No target in view!
No target in view!
No target in view!
You see here a dart slug corpse.
Key pressed, stopping explore.
Key pressed, stopping explore.
Key pressed, stopping explore.
Key pressed, stopping explore.
Key pressed, stopping explore.
Key pressed, stopping explore.
Key pressed, stopping explore.
Key pressed, stopping explore.
The ogre shouts!
An ogre is nearby!
An ogre is nearby!
The ogre hits you with a +0 giant spiked club!
You hit the ogre but do no damage.
Your weapon exudes an aura of protection.
The ogre hits you but does no damage.
You hit the ogre. You barely miss the ogre. The ogre barely misses you.
You hit the ogre.
The ogre hits you with a +0 giant spiked club!!
* * * LOW HITPOINT WARNING * * *
You hit the ogre.
The ogre hits you with a +0 giant spiked club!!
* * * LOW HITPOINT WARNING * * *
The ogre attacks as you move away!
The ogre hits you with a +0 giant spiked club!
You die...

..# ### ..# ..# #####.'
..## ....###..##.' ...####
#...........# .#....####
#..........# #####....####
##..........# #
####....####
##..........##
####....#####............#
###...@O#.............#
#####
####..........)..<..#
#...## ###...............
.....## #............>..
......## ###.............
.......## #..............
........##
##.###.........#
.........##
##...####.......#
..........## #....#
#####..##


You could see an ogre.

Vanquished Creatures
  An ice beast (D:4)
  An ogre (D:3)
  A necrophage (D:4)
  An iguana (D:4)
  Terence (D:3)
  An adder (D:4)
  An adder skeleton (D:3)
  2 dart slugs (D:4)
  15 ball pythons
  3 endoplasms
  4 giant cockroaches
  6 goblins
  13 hobgoblins
  4 jackals (D:3)
  7 quokkas
  A ball python skeleton (D:3)
  7 bats
  A frilled lizard (D:2)
  2 jackal skeletons (D:3)
  8 kobolds
  A quokka skeleton (D:3)
  6 rats
87 creatures vanquished.

Vanquished Creatures (collateral kills)
  A hound skeleton (D:3)
1 creature vanquished.

Grand Total: 88 creatures vanquished

Notes
Turn   | Place    | Note
-------+----------+-------------------------------------------
     0 | D:1      | bladeefan the Hill Orc Monk began the quest for the Orb.
     0 | D:1      | Reached XP level 1. HP: 19/19 MP: 1/1
   186 | D:1      | Reached XP level 2. HP: 16/27 MP: 2/2
  1388 | D:1      | Reached XP level 3. HP: 33/33 MP: 3/3
  2269 | D:2      | Found a faded altar of an unknown god.
  2502 | D:2      | Reached XP level 4. HP: 28/40 MP: 2/4
  3255 | D:3      | Noticed Terence
  3296 | D:3      | Killed Terence
  3569 | D:3      | Reached XP level 5. HP: 47/47 MP: 5/5
  3685 | D:4      | Noticed an ogre
  3850 | D:3      | Killed an ogre
  3851 | D:3      | Reached skill level 5 in Maces & Flails
  3969 | D:4      | Found a runed translucent door.
  3970 | D:4      | Noticed Crazy Yiuf
  4072 | D:4      | Noticed an ice beast
  4089 | D:4      | Killed an ice beast
  4090 | D:4      | Reached XP level 6. HP: 36/55 MP: 6/6
  4366 | D:4      | Reached skill level 5 in Fighting
  4621 | D:4      | Identified the +0 leather armour of Fusoul {SInv}
  5113 | D:4      | Mangled by an ogre

Illustrated notes

Levels and vault maps discovered:
D:1:      onia_arrival_pyramid, layout_basic
D:2:      layout_rooms, ebering_ecumenical_altar_box
D:3:      layout_basic, serial_undead, serial_undead_b, serial_undead_e,
          serial_undead_c, serial_undead_d, serial_undead_d, serial_undead_b,
          serial_undead_e, corexii_shack, uniq_terence
D:4:      layout_cave_pods, kennysheep_generic_room_7, uniq_crazy_yiuf_cottage

Skill      XL: |  1  2  3  4  5  6 |
---------------+-------------------+-----
Stealth        | 2 3 |  3.0
Fighting       | 4 5 |  5.1
Maces & Flails | 4 5 |  5.7
Dodging        | 3 |  3.4
Armour         | |  0.9

Action                   |  1- 3 |  4- 6 || total
-------------------------+-------+-------++-------
Melee: Mace              |   169 |    76 ||   245
       Punch             |     1 |     1 ||     2
       Flail             |       |    96 ||    96
  Use: Scroll            |       |     2 ||     2
       Potion            |       |     2 ||     2
 Stab: Sleeping          |     2 |     1 ||     3
       Distracted        |     1 |       ||     1
Armor: Robe              |    48 |    32 ||    80
       Skin              |       |    22 ||    22
       Scale mail        |       |    16 ||    16
       Plate armour      |       |    37 ||    37
Dodge: Dodged            |   154 |   127 ||   281

Table legend: (Time is in decaauts)
 A = Elapsed time spent in this place.
 B = Non-inter-level travel time spent in this place.
 C = Inter-level travel time spent in this place.
 D = Time resting spent in this place.
 E = Time spent auto-exploring this place.
 F = Levels seen in this place.
 G = Mean time per level.
                   A        B        C        D        E       F      G
               +--------+--------+--------+--------+--------+-----+--------+
         Total |   5177 |   5097 |     80 |   1328 |   2802 |   4 | 1294.2 |
       Dungeon |   5177 |   5097 |     80 |   1328 |   2802 |   4 | 1294.2 |
               +--------+--------+--------+--------+--------+-----+--------+

Top non-repeatable levels by time:
     D:1: 1755 daAuts
     D:3: 1403 daAuts
     D:2: 1060 daAuts
     D:4: 958 daAuts
